 Dungeon Crawl Stone Soup version 0.28-a0-474-g535839065c (webtiles) character file.

Game seed: 6736083506251502922

47 meatgazer the Skirmisher (level 3, 0/33 HPs)
             Began as a Draconian Abyssal Knight on Sept 15, 2021.
             Was a Follower of Lugonu.
             Slain by Sigmund (5 damage)
             ... on level 2 of the Dungeon.
             The game lasted 00:03:24 (1302 turns).

meatgazer the Skirmisher (Draconian Abyssal Knight) Turns: 1302, Time: 00:03:24

Health: 0/33       AC:  5    Str: 14 (15) XL:     3   Next: 48%
Magic:  5/5        EV: 12    Int: 11 (12) God:    Lugonu [*.....]
Gold:   71         SH:  0    Dex:  9 (10) Spells: 2/2 levels left

rFire   . . .      SeeInvis .   a - +1 spear
rCold   . . .      Faith    .   (no shield)
rNeg    . . .      Spirit   .   (armour unavailable)
rPois   .          Reflect  .   (helmet restricted)
rElec   .          Harm     .   (no cloak)
rCorr   .          Rampage  .   (no gloves)
Will    .....                   (no boots)
Stlth   +.........              (no amulet)
HPRegen 0.11/turn               (no ring)
MPRegen 0.09/turn               (no ring)

@: unable to read
A: AC +5, unfitting armour, cold-blooded, [inability to read while threatened]
a: Renounce Religion, Depart the Abyss


You were on level 2 of the Dungeon.
You worshipped Lugonu.
Lugonu was aware of your devotion.
You visited 1 branch of the dungeon, and saw 2 of its levels.
You visited the Abyss 1 time.

You collected 71 gold pieces.

Inventory:

Hand Weapons
 a - a +1 spear (weapon)
Scrolls
 b - 2 scrolls of summoning {unknown}
 e - 2 scrolls of identify
 g - a scroll of magic mapping {unknown}
 h - a scroll of immolation {unknown}
Potions
 d - 2 potions of degeneration
Miscellaneous
 c - a piece from Xom's chessboard (13/15)


   Skills:
 + Level 3.7 Fighting
 + Level 2.5 Polearms
 - Level 2.1 Dodging
 * Level 3.3 Invocations


You had 2 spell levels left.
You didn't know any spells.
Your spell library contained the following spells:

 Spells                   Type           Power      Damage    Failure   Level
 Freeze                   Ice            0%         1d3       34%         1
 Frozen Ramparts          Ice            0%         1d2       71%         3
 Hailstorm                Conj/Ice       0%         3d3       98%         4


Dungeon Overview and Level Annotations

Branches:
Dungeon (2/15)

Altars:

Shops:
D:1 [

Annotations:
D:2 Sigmund


Innate Abilities, Weirdness & Mutations

Your plain brown scales are hard. (AC +5)
You cannot fit into any form of body armour.
You are cold-blooded and may be slowed by cold attacks.
[You sometimes lose the ability to read scrolls when taking damage.]


Message History

Sigmund is moderately wounded.
You hit Sigmund.
Sigmund is moderately wounded.
Sigmund gestures at you while chanting. The puff of flame hits you!
You feel threatened and lose the ability to read scrolls!
You closely miss Sigmund.
Sigmund is moderately wounded.
Sigmund points at you and mumbles some strange words.
You are confused.
You're too confused to move!
You can read scrolls again.
Sigmund closely misses you.
You miss Sigmund.
Sigmund is moderately wounded.
Sigmund misses you.
You hit Sigmund.
Sigmund is heavily wounded.
A rat comes into view.
You puncture Sigmund!
Sigmund is severely wounded.
Sigmund drinks a potion.
Sigmund is healed!
You're too confused to move!
Sigmund casts a spell at you. The magic dart hits you!
You feel threatened and lose the ability to read scrolls!
* * * LOW HITPOINT WARNING * * *
You're too confused to move!
You feel less confused.
Sigmund casts a spell.
Sigmund flickers and vanishes!
Deactivating autopickup; reactivate with Ctrl-A.
Okay, then.
You make a move on Xom's chessboard...
The rat seems to slow down.
You hear some strange, mumbled words.
A magic dart appears from out of thin air!
The magic dart hits you but does no damage.
You make a move on Xom's chessboard...
The rat flickers and vanishes!
Something hits you.
You die...

.# ......#.# .#
... ......(.. .#
#.# ......#.# .#
... #........
.### #.#
#.#...#.# ...#
#{# # #...#.#
##.# ##### #.#
#.#.. #)# #.#
##...## #{#
.....##.# #.#
#.....# #@#
#.......# #.#
#.....# #.#
.....#...
#.###.....#####.#
##.. #.##
#...............#
...#.#.##
#################
#........ .
...#.## #.#... .
#### .# #


There were no monsters in sight!

Vanquished Creatures
  3 worms (D:2)
  3 dart slugs
  4 ball pythons
  2 bats
  3 endoplasms
  A giant cockroach (D:2)
  2 goblins
  6 hobgoblins
  3 kobolds
  2 frilled lizards (D:1)
  2 rats
31 creatures vanquished.

Notes
Turn   | Place    | Note
-------+----------+-------------------------------------------
     0 | Abyss:1  | meatgazer the Draconian Abyssal Knight began the quest for
                  | the Orb.
     0 | Abyss:1  | Reached XP level 1. HP: 19/19 MP: 2/2
    13 | Abyss:2  | Noticed a large abomination
    41 | Abyss:3  | Noticed a sixfirhy
    72 | Abyss:3  | Noticed a large abomination
    92 | Abyss:3  | Noticed a tormentor
    96 | Abyss:3  | Noticed a chaos spawn
    97 | Abyss:3  | Noticed a wretched star
    98 | Abyss:3  | Noticed a thrashing horror
    99 | D:1      | Escaped the Abyss
   197 | D:1      | Found Hontej's Antique Armour Boutique.
   243 | D:1      | Reached * piety under Lugonu
   244 | D:1      | Reached XP level 2. HP: 24/26 MP: 3/3
   394 | D:1      | Found a faded altar of an unknown god.
   739 | D:2      | Reached XP level 3. HP: 17/33 MP: 5/5
  1276 | D:2      | Noticed Sigmund
  1302 | D:2      | Slain by Sigmund

Illustrated notes

Levels and vault maps discovered:
D:1:      roderic_octagonal_star, layout_rooms, serial_shops,
          nicolae_shop_overgrown_old_shop, ebering_ecumenical_altar_rust
D:2:      layout_loops_cross, st_stairs_10, minmay_cut_off, uniq_sigmund

Skill      XL: |  1  2 |
---------------+-------+-----
Invocations    | 3 |  3.3
Fighting       | |  3.7
Polearms       | |  2.5
Dodging        | |  2.1

Action                   || total
-------------------------++-------
Melee: Spear             ||   113
       Tailslap          ||    10
Invok: Depart the Abyss  ||     1
Evoke: Piece from Xom's  ||     2
  Use: Scroll            ||     1
       Potion            ||     2
 Stab: Sleeping          ||     2
Armor: Skin              ||    13
Dodge: Dodged            ||    38

Table legend: (Time is in decaauts)
 A = Elapsed time spent in this place.
 B = Non-inter-level travel time spent in this place.
 C = Inter-level travel time spent in this place.
 D = Time resting spent in this place.
 E = Time spent auto-exploring this place.
 F = Levels seen in this place.
 G = Mean time per level.
                   A        B        C        D        E       F      G
               +--------+--------+--------+--------+--------+-----+--------+
         Total |   1300 |   1278 |     22 |     33 |    948 |   5 |  260.0 |
       Dungeon |   1201 |   1179 |     22 |     33 |    934 |   2 |  600.5 |
         Abyss |     98 |     98 |      0 |      0 |     14 |   3 |   32.7 |
               +--------+--------+--------+--------+--------+-----+--------+

Top non-repeatable levels by time:
     D:2: 605 daAuts
     D:1: 595 daAuts
 Abyss:3: 59 daAuts
 Abyss:2: 36 daAuts
 Abyss:1: 2 daAuts
